 Dungeon Crawl Stone Soup version 0.24.0-125-gc4c63601f3 (webtiles) character file.

Game seed: 11842406199932215620, levelgen mode: deterministic

114 mopl the Cudgeler (level 4, 0/41 HPs)
             Began as a Gnoll Chaos Knight on Feb 23, 2020.
             Was a Plaything of Xom.
             Killed by divine providence
             ... invoked by an orc priest
              (14 damage)
             ... on level 6 of the Dungeon.
             The game lasted 00:03:47 (1821 turns).

mopl the Cudgeler (Gnoll Chaos Knight)              Turns: 1821, Time: 00:03:48

Health: 0/41       AC:  8    Str: 16    XL:     4   Next: 97%
Magic:  5/5        EV: 11    Int: 19    God:    Xom [....*.]
Gold:   85         SH:  0    Dex: 14    Spells: 5/5 levels left

rFire    . . .     SeeInvis .   a - +0 mace
rCold    . . .     Gourm    .   (no shield)
rNeg     . . .     Faith    .   k - +0 scale mail
rPois    .         Spirit   .   w - +0 helmet
rElec    .         Reflect  .   (no cloak)
rCorr    .         Harm     .   (no gloves)
MR       .....                  (no boots)
Stlth    ..........             (no amulet)
HPRegen  0.13/turn              y - +5 ring of intelligence
MPRegen  0.09/turn              (no ring)

@: lethally poisoned (0 -> -1)
A: distributed training, fangs 1, strong nose
a: Renounce Religion


You were on level 6 of the Dungeon.
You worshipped Xom.
You were a beloved toy of Xom.
You were not hungry.

You visited 1 branch of the dungeon, and saw 4 of its levels.

You collected 85 gold pieces.

Inventory:

Hand Weapons
 a - a +0 mace (weapon)
 b - a +0 hunting sling
 h - a +0 mace of chaos
Missiles
 f - 22 arrows
 g - 80 stones
 p - 16 poisoned darts (quivered)
 A - 24 bolts
Armour
 e - a +0 plate armour
 k - a +0 scale mail (worn)
 w - a +0 helmet (worn)
Jewellery
 y - a +5 ring of intelligence (left hand)
Wands
 u - a wand of disintegration (14)
Scrolls
 d - a scroll of enchant weapon {unknown}
 i - 2 scrolls of magic mapping
 j - a scroll of remove curse
 n - a scroll of blinking {unknown}
 o - a scroll of fog
 q - a scroll of teleportation {unknown}
 r - a scroll of random uselessness {unknown}
 x - a scroll of enchant armour {unknown}
Potions
 l - 2 potions of curing {unknown}
 m - a potion of magic
 s - a potion of lignification
 t - a potion of flight
 v - 2 potions of might
Comestibles
 c - 5 rations
 z - 2 chunks of flesh


   Skills:
 + Level 6.6 Fighting
 + Level 1.2 Short Blades
 + Level 1.2 Long Blades
 + Level 1.2 Axes
 + Level 6.6 Maces & Flails
 + Level 1.2 Polearms
 + Level 1.2 Staves
 + Level 1.2 Slings
 + Level 1.2 Bows
 + Level 1.2 Crossbows
 + Level 1.2 Throwing
 + Level 4.7 Armour
 + Level 2.8 Dodging
 + Level 1.2 Stealth
 + Level 1.2 Shields
 + Level 1.2 Unarmed Combat
 + Level 1.2 Spellcasting
 + Level 1.0 Conjurations
 + Level 1.0 Hexes
 + Level 1.0 Charms
 + Level 1.0 Summonings
 + Level 1.0 Necromancy
 + Level 1.0 Translocations
 + Level 1.0 Transmutations
 + Level 1.0 Fire Magic
 + Level 1.0 Ice Magic
 + Level 1.0 Air Magic
 + Level 1.0 Earth Magic
 + Level 1.0 Poison Magic
 + Level 1.4 Invocations
 + Level 1.2 Evocations


You had 5 spell levels left.
You didn't know any spells.
Your spell library was empty.

Dungeon Overview and Level Annotations

Branches:
Dungeon (3/15)

Altars:
Dithmenos
Kikubaaqudgha
Okawaru
Sif Muna
Wu Jian
The Shining One


Innate Abilities, Weirdness & Mutations

Your experience applies equally to all skills.
You have very sharp teeth.
Your uncanny sense of smell can sniff out nearby items.


Message History

An orc priest comes into view. It is wielding a +0 hand axe.
The orc priest shouts!
You hear an angry hiss.
Found an escape hatch in the floor.
Found a stone staircase leading down.
An orc priest comes into view. It is wielding a -1 hand axe.
As you read the scroll labeled SAXUS LUAZ, it crumbles to dust.
You feel aware of your surroundings.
It was a scroll of magic mapping.
You feel sick.
As you read the scroll labeled WUNIKUTROFFI, it crumbles to dust.
You feel blessed for a moment.
It was a scroll of remove curse.
The orc warrior hits you from afar with a +0 glaive of flaming!
The orc warrior burns you.
The orc priest mumbles some strange prayers to Beogh against you.
Pain shoots through your body!
As you read the scroll labeled FEIZUN GYFROY, it crumbles to dust.
The scroll dissolves into smoke.
It was a scroll of fog.
The bullfrog hits you. The orc hits you but does no damage.
The orc priest mumbles some strange prayers to Beogh against you.
Beogh smites you!
You die...
Xom chortles!

*,*******,* *,* *,*
*,* *,* *,* *,* *,*
*,* *,* *,# *******
*∆*
#####.###***,,,,,,
******,*
#§§..>...,,,,,,,,,
*,,,,,,*
#@§§o....***,,,,,,
**,***** #oFo.o.>.*
*,,,,,, *,*
#..o.....***,,,,,,
*,*
#........+,,,,,,,,
*,*
#........***,,,,,,
*,* #........*
******* *,*
#########*
*,*****************
*,,,,,,,,,,,,,,,,,*


You could see 2 orc warriors, a bullfrog, an orc priest and an orc.

Vanquished Creatures
  Robin (D:2)
  4 adders
  2 oozes
  3 dart slugs
  A leopard gecko (D:1)
  2 giant cockroaches
  9 goblins
  5 hobgoblins
  2 jackals (D:1)
  A quokka (D:2)
  5 bats
  6 frilled lizards
  9 kobolds
  5 rats
55 creatures vanquished.

Notes
Turn   | Place    | Note
-------+----------+-------------------------------------------
     0 | D:1      | mopl the Gnoll Chaos Knight began the quest for the Orb.
     0 | D:1      | Reached XP level 1. HP: 23/23 MP: 1/1
   100 | D:1      | XOM: potion effect (curing)
   194 | D:1      | Reached XP level 2. HP: 24/29 MP: 2/2
   194 | D:1      | XOM: medium Pois miscast
   601 | D:2      | Reached XP level 3. HP: 35/35 MP: 3/3
   687 | D:2      | Reached skill level 1 in Invocations
   866 | D:2      | Reached skill level 1 in Short Blades
   866 | D:2      | Reached skill level 1 in Long Blades
   866 | D:2      | Reached skill level 1 in Axes
   866 | D:2      | Reached skill level 1 in Polearms
   866 | D:2      | Reached skill level 1 in Staves
   866 | D:2      | Reached skill level 1 in Slings
   866 | D:2      | Reached skill level 1 in Bows
   866 | D:2      | Reached skill level 1 in Crossbows
   866 | D:2      | Reached skill level 1 in Throwing
   866 | D:2      | Reached skill level 1 in Stealth
   866 | D:2      | Reached skill level 1 in Shields
   866 | D:2      | Reached skill level 1 in Unarmed Combat
   866 | D:2      | Reached skill level 1 in Spellcasting
   866 | D:2      | Reached skill level 1 in Evocations
   868 | D:2      | XOM: smoke on damage
   978 | D:2      | Noticed Robin
   981 | D:2      | Reached XP level 4. HP: 38/41 MP: 5/5
   987 | D:2      | XOM: swap monsters
   989 | D:2      | Killed Robin
  1100 | D:2      | XOM is BORED!
  1100 | D:2      | XOM: severe Pois miscast
  1281 | D:2      | XOM: noise
  1480 | D:3      | Found a shadowy altar of Dithmenos.
  1481 | D:3      | Found an ancient bone altar of Kikubaaqudgha.
  1558 | D:3      | Found an ornate altar of the Wu Jian Council.
  1560 | D:3      | Found a glowing golden altar of the Shining One.
  1561 | D:3      | Found an iron altar of Okawaru.
  1563 | D:3      | Found a shimmering blue altar of Sif Muna.
  1567 | D:3      | Reached skill level 1 in Conjurations
  1567 | D:3      | Reached skill level 1 in Hexes
  1567 | D:3      | Reached skill level 1 in Charms
  1567 | D:3      | Reached skill level 1 in Summonings
  1567 | D:3      | Reached skill level 1 in Necromancy
  1567 | D:3      | Reached skill level 1 in Translocations
  1567 | D:3      | Reached skill level 1 in Transmutations
  1567 | D:3      | Reached skill level 1 in Fire Magic
  1567 | D:3      | Reached skill level 1 in Ice Magic
  1567 | D:3      | Reached skill level 1 in Air Magic
  1567 | D:3      | Reached skill level 1 in Earth Magic
  1567 | D:3      | Reached skill level 1 in Poison Magic
  1744 | D:3      | XOM: cloud trail
  1818 | D:3      | You fall into a shaft and drop 3 floors!
  1818 | D:6      | Noticed a bullfrog
  1818 | D:6      | Noticed an orc warrior
  1818 | D:6      | Noticed an orc warrior
  1821 | D:6      | Killed from afar by an orc priest

Levels and vault maps discovered:
D:1:      evilmike_arrival_plus, layout_rooms, nrook_campfire
D:2:      layout_basic, uniq_robin
D:3:      layout_loops_cross, grunt_temple_overflow_open
D:6:      layout_basic

Skill      XL: |  1  2  3  4 |
---------------+-------------+-----
Invocations    | 1 |  1.4
Short Blades   | 1 |  1.2
Long Blades    | 1 |  1.2
Axes           | 1 |  1.2
Polearms       | 1 |  1.2
Staves         | 1 |  1.2
Slings         | 1 |  1.2
Bows           | 1 |  1.2
Crossbows      | 1 |  1.2
Throwing       | 1 |  1.2
Stealth        | 1 |  1.2
Shields        | 1 |  1.2
Unarmed Combat | 1 |  1.2
Spellcasting   | 1 |  1.2
Evocations     | 1 |  1.2
Conjurations   | 1 |  1.0
Hexes          | 1 |  1.0
Charms         | 1 |  1.0
Summonings     | 1 |  1.0
Necromancy     | 1 |  1.0
Translocations | 1 |  1.0
Transmutations | 1 |  1.0
Fire Magic     | 1 |  1.0
Ice Magic      | 1 |  1.0
Air Magic      | 1 |  1.0
Earth Magic    | 1 |  1.0
Poison Magic   | 1 |  1.0
Fighting       | |  6.6
Maces & Flails | |  6.6
Armour         | |  4.7
Dodging        | |  2.8

Action                   |  1- 3 |  4- 6 || total
-------------------------+-------+-------++-------
Melee: Mace              |   121 |    58 ||   179
       Bite              |     4 |     3 ||     7
       Punch             |     1 |       ||     1
Throw: Dart              |     2 |       ||     2
       Stone             |     1 |       ||     1
  Use: Scroll            |     4 |     4 ||     8
  Eat: Chunk             |       |     3 ||     3
Armor: Leather armour    |    12 |       ||    12
       Scale mail        |    38 |    28 ||    66
Dodge: Dodged            |    71 |    21 ||    92
